AoeStats
← diego.servf

Arena

508596343Analyzed
4v4 RM · 9d ago on Sep 23, 2026· 40m 0s· 8 players
Game mode
Random Map
Map size
Large (8 player)
Population
200
Speed
Normal
Resources
Standard
Victory
Conquest
Starting age
Dark Age
Ending age
Imperial Age
RankedLock teamsTeams togetherTeam positionsShared explorationLock speedFull tech treeHidden civsTurbo modeCheats
Victory
Defeat
🇲🇽 Byzantines · Mexico
1133
+12
🇨🇳 Varangians · China
1083
+13
🇬🇹 Turks · Guatemala
1057
+15
🇵🇪 Koreans · Peru
1016
+15
🇦🇷 Turks · Argentina
1085
-18
🇲🇽 Mongols · Mexico
1034
-14
🇪🇨 Maya · Ecuador
1000
-40
🇲🇽 Bohemians · Mexico
990
-12
Terror_Khan
11:48 Feudal Age
15:31 Castle Age
13:34 Double-Bit Axe
16:06 Horse Collar
23:16 Imperial Age
21:35 Gold Mining
21:36 Treadmill Crane
25:05 Chemistry
25:00 Elite Skirmisher
25:38 Loom
26:32 Wheelbarrow
25:43 Pikeman
30:57 Ballistics
33:50 Fletching
35:46 Padded Archer Armor
36:44 Fortified Wall
40:21 Bow Saw
kenbar33
10:50 Feudal Age
12:23 Loom
15:00 Castle Age
14:33 Double-Bit Axe
17:24 Horse Collar
27:55 Heavy Plow
29:15 Wheelbarrow
32:41 Imperial Age
31:19 Scale Barding Armor
31:25 Forging
32:45 Hand Cart
33:10 Husbandry
33:21 Bloodlines
35:51 Chain Barding Armor
Nanver01
11:26 Feudal Age
15:25 Castle Age
15:32 Loom
15:38 Fletching
26:50 Town Watch
28:15 Bodkin Arrow
31:19 Double-Bit Axe
38:05 Bow Saw
38:37 Wheelbarrow
zijing
10:37 Feudal Age
14:37 Castle Age
12:38 Double-Bit Axe
12:36 Horse Collar
15:53 Bow Saw
19:04 Wheelbarrow
20:38 Loom
24:25 Hand Cart
24:02 Gold Mining
27:28 Bloodlines
27:18 Husbandry
27:27 Scale Barding Armor
27:33 Forging
29:55 Imperial Age
28:06 Town Watch
29:39 Chain Barding Armor
29:55 Iron Casting
31:34 Plate Barding Armor
30:23 Vendel Legacy
30:49 Cavalier
33:25 Blast Furnace
32:29 Capped Ram
33:31 Town Patrol
35:57 Siege Ram
38:03 Siege Engineers
Acinco51203
11:36 Feudal Age
15:48 Castle Age
15:21 Horse Collar
15:28 Double-Bit Axe
18:03 Wheelbarrow
21:42 Heavy Plow
21:58 Bow Saw
26:34 Chemistry
29:09 Imperial Age
26:18 Elite Skirmisher
26:54 Fletching
30:14 Ballistics
30:26 Bodkin Arrow
30:32 Padded Archer Armor
31:40 Bracer
31:54 Siege Engineers
34:04 Pikeman
34:44 Squires
35:32 Halberdier
37:22 Forging
37:13 Scale Mail Armor
diego.servf
9:28 Feudal Age
10:56 Loom
14:00 Castle Age
13:00 Double-Bit Axe
18:05 Stone Mining
19:15 Loom
21:18 Town Watch
22:12 Gold Mining
25:09 Fletching
31:17 Imperial Age
30:27 Bodkin Arrow
31:48 Padded Archer Armor
32:11 Ballistics
33:14 Chemistry
33:58 Fortified Wall
BJosseph02
1:20 Loom
12:21 Feudal Age
13:19 Double-Bit Axe
21:28 Wheelbarrow
24:45 Town Watch
31:09 Castle Age
33:10 Bow Saw
quilmes2017
11:08 Feudal Age
14:50 Castle Age
12:55 Double-Bit Axe
13:10 Horse Collar
16:12 Bow Saw
24:30 Fortified Wall
28:22 Imperial Age
25:40 Loom
26:35 Wheelbarrow
25:47 Town Watch
28:58 Scale Barding Armor
29:04 Forging
29:19 Bloodlines
29:10 Husbandry
29:19 Artillery
37:13 Chain Barding Armor
37:30 Iron Casting
37:40 Ballistics
37:01 Treadmill Crane
40:16 Plate Barding Armor
Connection lost

Rejoining the realm…

Still unreachable

The connection could not be restored.

Session expired

The server has moved on; the page needs a fresh start.